Map: Habitation Station LE (Void)

Players

soO - Winner!

  • Race: Zerg Zerg
  • League: Grandmaster
  • Spawn Location: 1:00

Classic

  • Race: Protoss Protoss
  • League: Grandmaster
  • Spawn Location: 11:00

Event: Polygon Gaming Invitational 7

VOD

Have the link to the VOD?

Description

Time

  • Played on: Jan. 14, 2017, 12:55 p.m.
  • Length: 8:04

All games in this series

Show
View Real Time Build Order
Export as new Build Order

soO Zerg - Winner!

Build Orders: Pool First 

Get SALT Encoding   

  12  0:00  Drone  
  13  0:12  Overlord  
  13  0:16  Drone  
  14  0:30  Drone x2  
  14  0:34  Drone  
  17  0:44  Spawning Pool  
  17  0:47  Drone  
  17  1:07  Hatchery  
  17  1:09  Drone  
  17  1:13  Drone  
  17  1:17  Drone  
  19  1:30  Queen  
  19  1:31  Zergling x2  
  19  1:32  Extractor  
  21  1:39  Overlord  
  21  1:49  Drone  
  22  2:02  Drone  
  22  2:06  Queen  
  25  2:10  Drone  
  26  2:20  Drone  
  26  2:22  Drone  
  28  2:30  Drone  
  28  2:31  Drone  
  28  2:32  Hatchery  
  29  2:42  Drone x2  
  31  2:45  Metabolic Boost  
  31  2:52  Drone  
  31  2:53  Overlord  
  31  2:54  Drone x2  
  34  2:58  Drone  
  34  3:05  Overlord  
  35  3:06  Drone  
  35  3:10  Queen  
  38  3:14  Drone x2  
  38  3:18  Overlord  
  38  3:19  Drone  
  41  3:22  Drone  
  43  3:27  Drone x3  
  43  3:29  Drone  
  46  3:38  Spore Crawler, Drone  
  46  3:39  Drone x2  
  48  3:43  Queen  
  51  3:48  Drone  
  51  3:55  Drone  
  52  4:02  Spore Crawler  
  51  4:03  Drone x2  
  51  4:04  Drone  
  51  4:05  Queen  
  51  4:07  Drone  
  51  4:09  Extractor  
  56  4:10  Drone  
  56  4:11  Extractor  
  56  4:13  Drone  
  56  4:15  Roach Warren, Drone  
  57  4:17  Spore Crawler  
  57  4:18  Drone  
  57  4:21  Drone  
  59  4:30  Drone  
  60  4:38  Overlord  
  60  4:42  Overlord  
  60  4:45  Overlord  
  56  4:56  Queen  
  56  4:57  Overlord  
  58  5:01  Roach x7  
  72  5:08  Roach x3  
  72  5:09  Roach  
  72  5:11  Overlord  
  72  5:12  Overlord  
  80  5:19  Roach x2  
  84  5:22  Overlord  
  84  5:26  Zergling x10  
  89  5:30  Ravager x3  
  89  5:31  Ravager x2  
  94  5:36  Zergling x12  
  100  5:43  Zergling x8, Roach x2  
  100  5:45  Ravager  
  100  5:47  Queen  
  111  5:51  Ravager  
  111  5:53  Zergling x4  
  114  5:59  Overlord  
  114  6:02  Hatchery  
  105  6:22  Zergling x2, Roach x2  
  105  6:23  Zergling x8  
  110  6:27  Roach  
  110  6:28  Roach  
  113  6:34  Queen  
  113  6:38  Lair  
  113  6:49  Overlord  
  113  6:50  Overlord x3  
  113  6:52  Extractor, Overlord  
  113  6:53  Extractor, Overlord, Queen  
  113  6:55  Spore Crawler  
  113  6:59  Drone x2  
  112  7:02  Drone x2  
  112  7:07  Drone  
  112  7:09  Drone x3  
  112  7:10  Drone x3  
  112  7:12  Drone  
  102  7:24  Drone x3  
  102  7:29  Zergling x2  
  102  7:30  Zergling x2  
  102  7:32  Drone x2  
  98  7:42  Drone x4  
  102  7:44  Overseer  
  102  7:46  Hydralisk Den  
  102  7:50  Evolution Chamber  
Show
View Real Time Build Order
Export as new Build Order

Classic Protoss 

Build Orders: Nexus First, Oracle Opening 

Get SALT Encoding   

  12  0:00  Probe (Chrono Boost)  
  13  0:11  Probe (Chrono Boost)  
  14  0:18  Pylon  
  14  0:22  Probe (Chrono Boost)  
  15  0:37  Probe (Chrono Boost)  
  16  0:47  Probe (Chrono Boost)  
  17  0:58  Nexus  
  17  1:06  Gateway  
  17  1:10  Probe (Chrono Boost)  
  18  1:15  Assimilator  
  18  1:20  Probe (Chrono Boost)  
  18  1:23  Assimilator  
  19  1:31  Probe (Chrono Boost)  
  20  1:33  Pylon  
  20  1:41  Probe (Chrono Boost)  
  21  1:53  Cybernetics Core, Probe (Chrono Boost), Zealot  
  24  2:05  Probe (Chrono Boost)  
  25  2:10  Probe (Chrono Boost)  
  26  2:16  Probe (Chrono Boost)  
  26  2:21  Probe (Chrono Boost)  
  29  2:31  Mothership Core (Chrono Boost)  
  29  2:33  Stargate  
  29  2:34  Probe (Chrono Boost)  
  31  2:40  Warp Gate  
  31  2:44  Probe (Chrono Boost)  
  31  2:45  Adept  
  31  2:49  Probe (Chrono Boost)  
  35  2:55  Probe (Chrono Boost)  
  36  3:00  Probe (Chrono Boost)  
  37  3:05  Pylon  
  37  3:07  Probe (Chrono Boost)  
  37  3:11  Probe (Chrono Boost)  
  37  3:12  Adept, Oracle  
  41  3:19  Probe (Chrono Boost)  
  45  3:23  Probe (Chrono Boost)  
  46  3:29  Probe (Chrono Boost)  
  48  3:35  Probe (Chrono Boost)  
  48  3:40  Probe (Chrono Boost)  
  49  3:43  Nexus  
  49  3:46  Pylon  
  49  3:47  Probe (Chrono Boost)  
  49  3:48  Void Ray  
  54  4:00  Assimilator  
  54  4:04  Probe (Chrono Boost)  
  54  4:05  Assimilator  
  54  4:06  Probe (Chrono Boost)  
  56  4:13  Pylon  
  56  4:15  Probe (Chrono Boost)  
  58  4:18  Probe (Chrono Boost)  
  58  4:25  Probe (Chrono Boost)  
  58  4:29  Probe (Chrono Boost)  
  60  4:36  Probe (Chrono Boost)  
  61  4:40  Probe (Chrono Boost)  
  61  4:42  Fleet Beacon  
  61  4:45  Stargate  
  62  4:46  Probe (Chrono Boost)  
  62  4:50  Probe (Chrono Boost)  
  61  4:53  Oracle  
  61  4:55  Probe (Chrono Boost)  
  61  4:57  Probe (Chrono Boost)  
  66  5:03  Probe (Chrono Boost)  
  66  5:05  Assimilator  
  66  5:06  Probe (Chrono Boost)  
  68  5:07  Probe (Chrono Boost)  
  68  5:08  Gateway  
  68  5:09  Assimilator  
  68  5:10  Gateway  
  69  5:15  Pylon  
  69  5:16  Forge  
  69  5:18  Probe x2 (Chrono Boost)  
  69  5:19  Probe (Chrono Boost)  
  72  5:28  Probe x2 (Chrono Boost)  
  74  5:30  Carrier x2  
  74  5:31  Probe (Chrono Boost)  
  74  5:34  Pylon  
  87  5:44  Probe (Chrono Boost)  
  87  5:45  Probe x2 (Chrono Boost)  
  87  5:49  Stargate  
  90  5:54  Pylon  
  90  5:58  Probe (Chrono Boost)  
  90  6:00  Probe x2 (Chrono Boost)  
  93  6:13  Adept x3  
  95  6:21  Pylon  
  95  6:23  Pylon  
  95  6:24  Pylon  
  91  6:29  Graviton Catapult  
  91  6:30  Pylon  
  91  6:32  Pylon  
  80  6:40  Photon Cannon  
  80  6:41  Photon Cannon  
  80  6:42  Photon Cannon  
  80  6:44  Photon Cannon  
  74  6:52  Pylon, Sentry  
  74  6:53  Sentry x2  
  80  7:00  Mothership Core (Chrono Boost)  
  77  7:33  Pylon  
  75  7:43  Pylon  
  71  7:44  Pylon  
Tags
 
Add a new tag
Caveats
  • Supply blocks, unpowered buildings, or Contaminate may cause inaccurate times.
  • Supply counts are checked every 10 seconds.